 Dungeon Crawl Stone Soup version 0.30.1 (webtiles) character file.

Game seed: 457094965042641540

5730 Pepete the Arsonist (level 10, -1/33 (37) HPs)
             Began as a Felid Fire Elementalist on July 9, 2023.
             Was an Initiate of Gozag.
             Slain by a black mamba (18 damage)
             ... on level 2 of the Lair of Beasts.
             The game lasted 00:34:58 (30793 turns).

Pepete the Arsonist (Felid Fire Elementalist)      Turns: 30793, Time: 00:35:00

HP:   -1/33 (37)    AC:  2    Str:  4    XL:     10   Next: 48%
MP:   5/24          EV: 21    Int: 22    God:    Gozag
Gold: 844           SH:  0    Dex: 16    Spells: 15/27 levels left
                                        Lives: 0   Deaths: 2

rFire   + + +        (weapon unavailable)
rCold   x . .        (shield unavailable)
rNeg    . . .        (body armour unavailable)
rPois   .            (helmet unavailable)
rElec   .            (cloak unavailable)
rCorr   .            (gloves unavailable)
SInv    +            (boots unavailable)
Will    +....        (no amulet)
Stlth   ++           n - ring of fire
HPRegen 0.25/turn    A - ring of wizardry
MPRegen 0.19/turn

%: wizardry (x1)
@: lethally poisoned (-1 -> -11), gold aura, heavily drained, quick
A: very small, claws 1, fangs 3, see invisible, speed 1, shaggy fur 2, stealthy
paws, no weapons or thrown items, no armour, multi-lived, fire resistance 2
a: Renounce Religion, Potion Petition, Call Merchant, Bribe Branch


You were on level 2 of the Lair of Beasts.
You worshipped Gozag.
Gozag was pleased with you.
You visited 3 branches of the dungeon, and saw 13 of its levels.
You also visited: Sewer.

You collected 1619 gold pieces.
You spent 700 gold pieces at shops.
You paid 75 gold pieces to Gozag.

Inventory:

Jewellery
 e - an amulet of faith
 n - a ring of fire (left paw)
 t - a ring of poison resistance
 v - a ring of ice
 x - a ring of ice
 y - a ring of flight
 A - a ring of wizardry (right paw)
 B - a ring of magical power
Wands
 C - a wand of digging (8)
 D - a wand of polymorph (4)
 G - a wand of acid (2)
Scrolls
 c - 2 scrolls of fog
 f - 2 scrolls of butterflies
 i - 3 scrolls of teleportation
 o - 7 scrolls of identify
 q - a scroll of blinking
 s - 2 scrolls of noise
 u - a scroll of amnesia
Potions
 a - 2 potions of magic
 b - a potion of might
 d - 3 potions of curing
 g - 3 potions of lignification
 k - 2 potions of mutation
 l - a potion of flight
 m - a potion of resistance
 p - a potion of invisibility
 r - 3 potions of degeneration
 w - a potion of ambrosia
 z - a potion of cancellation {unknown}
 E - a potion of berserk rage {unknown}
 F - a potion of experience {unknown}


   Skills:
 * Level 7.8 Dodging
 - Level 2.6 Stealth
 * Level 9.4 Spellcasting
 * Level 9.2 Conjurations
 * Level 9.6 Fire Magic


You had 15 spell levels left.
You knew the following spells:

 Your Spells              Type           Power      Damage    Failure   Level
a - Foxfire               Conj/Fire      100%       2x1d9     1%          1
b - Scorch                Fire           100%       2d9       1%          2
c - Volatile Blastmotes   Fire/Tloc      94%        2d17      1%          3
d - Flame Wave            Conj/Fire      67%        2d15      1%          4
e - Cigotuvi's Dreadful   Necr/Pois/Air  20%        N/A       4%          2

Your spell library contained the following spells:

 Spells                   Type           Power      Damage    Failure   Level
 Inner Flame              Hex/Fire       47%        N/A       1%          3
 Necrotise                Necr           40%        1d6       2%          1
 Ignite Poison            Fire/Tmut/Pois 36%        N/A       2%          3
 Lesser Beckoning         Tloc           20%        N/A       4%          2
 Gell's Gravitas          Tloc           10%        N/A       8%          3
 Teleport Other           Tloc           10%        N/A       8%          3
 Vampiric Draining        Necr           10%        2d6       8%          3
 Freezing Cloud           Conj/Ice/Air   11%        6-21      21%         5
 Agony                    Necr           10%        N/A       54%         5


Dungeon Overview and Level Annotations

Branches:
Dungeon (10/15)            Temple (1/1) D:6            Lair (2/5) D:8
  Sewer (visited)
  Swamp: Lair:2-3    Shoals: Lair:2-3     Snake: Lair:2-3    Spider: Lair:2-3
    Orc: D:9-12

Altars:
Ashenzari
Cheibriados
Dithmenos
Elyvilon
Fedhas
Gozag
Hepliaklqana
Kikubaaqudgha
Makhleb
Nemelex Xobeh
Okawaru
Qazlal
Ru
Sif Muna
Trog
Uskayaw
Vehumet
Wu Jian
Xom
Yredelemnul
Zin
The Shining One

Shops:
D:2 =   D:3 *

Annotations:
D:9 Harold
D:10 Nergalle


Innate Abilities, Weirdness & Mutations

You have sharp claws.
You have razor-sharp teeth.
You have supernaturally acute eyesight. (SInv)
You cover ground quickly. (Speed+)
You are covered in thick fur. (AC +2)
Your paws help you pounce on unaware monsters.
You are incapable of wielding weapons or throwing items.
You cannot wear armour.
You gain extra lives every three experience levels.
Your flesh is very heat resistant. (rF++)


Message History

Confirm with . or Enter, or press ? or * to list all spells.
Casting: Flame Wave (dangerous; 1% risk of failure)
Press: ? - help, Dir - look around, f - activate You feel a surge of power!
A wave of flame ripples out!
The flame wave engulfs the black mamba!
The black mamba is moderately wounded. (Press . to intensify the flame waves.)
You hear an angry hiss.
The black mamba is distracted by your dazzling golden aura.
The water moccasin bites you but does no damage.
The black mamba hisses angrily.
Casting: Flame Wave (dangerous; 1% risk of failure)
Confirm with . or Enter, or press ? or * to list all spells.
Restarting spell: Flame Wave (dangerous; 1% risk of failure)
Press: ? - help, Dir - look around, f - activate You feel a surge of power!
A wave of flame ripples out!
The flame wave engulfs the black mamba!
The black mamba is severely wounded.
The black mamba is no longer distracted by gold.
The flame wave engulfs the water moccasin!
The water moccasin is heavily wounded. (Press . to intensify the flame waves.)
The black mamba bites you!
You are poisoned.
The black mamba poisons you!
Casting: Flame Wave (dangerous; 1% risk of failure)
Confirm with . or Enter, or press ? or * to list all spells.
Restarting spell: Flame Wave (dangerous; 1% risk of failure)
Press: ? - help, Dir - look around, f - activate You feel a surge of power!
A wave of flame ripples out!
The flame wave engulfs the black mamba!!
You kill the black mamba!
The flame wave engulfs the black mamba!
The black mamba is moderately wounded. (Press . to intensify the flame waves.)
You feel very sick. The black mamba bites you!!
Ouch! That really hurt!
You die...
Your body crumbles into a pile of gold.

.. .... . ... . ..# .
..# $ .## ##S## #.####
#.SP## .....# ##.S..#
.....# #### #.#°S#
.....###..#####.@$###..
....(...................
........................
##'###..................
##.##....####..#..#.....
#...#.......##...##....#
...###...........P#....#
...# #...#..............
...# ....##.......#..


You could see a black mamba and 3 water moccasins.

Vanquished Creatures
  Pikel (D:7)
  2 black mambas (Lair:2)
  A cane toad (Lair:1)
  Maggie (D:7)
  7 komodo dragons
  A rime drake (Lair:1)
  5 blink frogs
  A shadow (D:10)
  A wyvern (D:9)
  5 yaks (D:8)
  3 steam dragons
  A basilisk (Lair:2)
  3 acid dragons
  3 water moccasins
  2 black bears
  4 orc warriors
  2 ice beasts
  5 ogres
  2 centaurs
  A lemure (D:7)
  2 kobold brigands
  A phantom (D:6)
  7 bullfrogs
  2 scorpions (D:5)
  9 wights (D:9)
  6 killer bees
  2 howler monkeys
  A jelly (D:6)
  A gnoll bouda (D:8)
  9 orc priests
  2 hounds
  2 sleepcaps
  11 iguanas
  8 orc wizards
  12 adders
  7 gnolls
  2 white imps
  4 ufetubi
  4 worms
  4 dart slugs
  38 orcs
  6 bats
  3 endoplasms
  15 giant cockroaches
  10 goblins
  8 hobgoblins
  6 quokkas
  10 ball pythons
  13 frilled lizards
  17 kobolds
  6 rats
279 creatures vanquished.

Vanquished Creatures (collateral kills)
  19 foxfires (D:1)
19 creatures vanquished.

Vanquished Creatures (others)
  1201 foxfires
1201 creatures vanquished.

Grand Total: 1499 creatures vanquished

Notes
Turn   | Place    | Note
-------+----------+-------------------------------------------
     0 | D:1      | Pepete the Felid Fire Elementalist began the quest for the
                  | Orb.
     0 | D:1      | Reached XP level 1. HP: 7/7 MP: 4/4
    22 | D:1      | Reached skill level 1 in Conjurations
  1104 | D:1      | Reached XP level 2. HP: 11/11 MP: 3/6
  3691 | D:1      | Reached XP level 3. HP: 14/14 MP: 3/7
  4120 | D:2      | Found Hell's Jewellery Shop.
  6258 | D:3      | Reached XP level 4. HP: 8/18 MP: 4/9
  6655 | D:3      | Found Enyuvif's Assorted Antiques.
  6802 | D:3      | Found a glowing drain.
  6816 | Sewer    | Entered a sewer
  7112 | Sewer    | Learned a level 2 spell: Scorch
  8510 | Sewer    | Noticed a bullfrog
  8512 | Sewer    | Noticed a bullfrog
  8515 | Sewer    | Killed a bullfrog
  8516 | Sewer    | Reached XP level 5. HP: 21/21 MP: 5/11
  8688 | Sewer    | Gained mutation: You are covered in thick fur. (AC +2)
                  | [Felid growth]
  8688 | Sewer    | Reached XP level 6. HP: 24/24 MP: 9/12
  9256 | D:3      | Gained mutation: Your flesh is heat resistant. (rF+)
                  | [potion of mutation]
  9256 | D:3      | Gained mutation: Your flesh is very heat resistant. (rF++)
                  | [potion of mutation]
  9878 | D:3      | Found a faded altar of an unknown god.
 12184 | D:5      | Entered Level 5 of the Dungeon
 12634 | D:5      | Reached XP level 7. HP: 27/27 MP: 8/14
 12774 | D:5      | Found a snail-covered altar of Cheibriados.
 13186 | D:5      | Reached skill level 5 in Fire Magic
 14026 | D:5      | Found a sparkling altar of Nemelex Xobeh.
 14081 | D:5      | Reached skill level 5 in Spellcasting
 14540 | D:6      | Reached XP level 8. HP: 31/31 MP: 2/16
 14765 | D:6      | Reached skill level 5 in Conjurations
 15282 | D:6      | Found a staircase to the Ecumenical Temple.
 15463 | Temple   | Entered the Ecumenical Temple
 15720 | Temple   | Became a worshipper of Gozag Ym Sagoz the Greedy
 16350 | D:7      | Noticed Pikel
 16374 | D:7      | Learned a level 3 spell: Volatile Blastmotes
 16406 | D:7      | Killed Pikel
 16407 | D:7      | Reached XP level 9. HP: 34/34 MP: 2/19
 17883 | D:7      | Noticed Maggie
 18479 | D:7      | Killed Maggie
 19659 | D:7      | Found an ornate altar of the Wu Jian Council.
 20096 | D:2      | Bought a ring of wizardry for 420 gold pieces
 21669 | D:8      | Found a staircase to the Lair.
 21807 | D:8      | Reached XP level 10. HP: 37/37 MP: 10/22
 24266 | D:2      | Bought a ring of magical power for 280 gold pieces
 24411 | D:2      | Learned a level 4 spell: Flame Wave
 25133 | D:9      | Noticed Harold
 25249 | D:9      | Reached skill level 5 in Dodging
 25996 | D:10     | Entered Level 10 of the Dungeon
 26856 | D:10     | Noticed Nergalle
 27302 | D:10     | Noticed a skeletal warrior
 27302 | D:10     | Noticed a purple ugly thing
 27385 | D:10     | a yaktaur changed into a swamp dragon
 27385 | D:10     | Noticed a swamp dragon (shapeshifter)
 27600 | D:10     | Noticed a wizard
 27604 | D:10     | Learned a level 2 spell: Cigotuvi's Dreadful Rot
 27653 | D:10     | Noticed a deep troll
 27677 | D:10     | Noticed a two-headed ogre
 27714 | D:9      | Slain by a wyvern
 27715 | D:9      | Reached XP level 9. HP: -4/32 MP: 6/22
 27783 | Lair:1   | Entered Level 1 of the Lair of Beasts
 27833 | Lair:1   | Noticed a komodo dragon
 27925 | D:8      | Killed a komodo dragon
 28245 | Lair:1   | Slain by an iguana
 28246 | Lair:1   | Reached XP level 8. HP: 0/31 MP: 21/21
 28246 | Lair:1   | Noticed a komodo dragon
 28258 | Lair:1   | Noticed a rime drake
 28263 | Lair:1   | Killed a rime drake
 28264 | Lair:1   | Reached XP level 9. HP: 34/34 MP: 14/22
 28302 | Lair:1   | Noticed a komodo dragon
 28304 | Lair:1   | Noticed a komodo dragon
 28306 | Lair:1   | Noticed a komodo dragon
 28665 | D:8      | Killed a komodo dragon
 28687 | D:8      | Killed a komodo dragon
 28959 | Lair:1   | Killed a komodo dragon
 28990 | Lair:1   | Noticed a komodo dragon
 29006 | Lair:1   | Killed a komodo dragon
 29315 | Lair:1   | Noticed a komodo dragon
 29320 | Lair:1   | Reached XP level 10. HP: 14/37 MP: 3/24
 30099 | Lair:1   | Noticed a cane toad
 30119 | Lair:1   | Killed a cane toad
 30784 | Lair:2   | Noticed a black mamba
 30785 | Lair:2   | Noticed a black mamba
 30787 | Lair:2   | Noticed a black mamba
 30788 | Lair:2   | Killed a black mamba
 30793 | Lair:2   | Killed a black mamba
 30793 | Lair:2   | Slain by a black mamba

Illustrated notes

Levels and vault maps discovered:
D:1:      psy_arrival_whirlpool, layout_rooms, serial_forest,
          infiniplex_forest_clump_cross, infiniplex_forest_corner_2,
          infiniplex_forest_straight_3, infiniplex_forest_lined_corner,
          infiniplex_forest_fountain, infiniplex_forest_lined_4_way,
          infiniplex_forest_straight_2, infiniplex_forest_split,
          chequers_serial_rivers_room_a
D:2:      layout_basic, serial_shops, shop
D:3:      layout_basic, shapermc_ecumenical_altar_mp_urbaneastern,
          cheibrodos_sewer_entry_bend, serial_shops, nicolae_shop_peninsula
D:4:      layout_basic, solitary_fountain
D:5:      layout_basic, nemelex_spade_bored_becter, kennysheep_slug_shrine,
          minivault_25, kennysheep_generic_room_14
D:6:      layout_loops_corners, minmay_temple_entry_junction,
          lightli_ossuary_entry_decrepit_ruins
D:7:      layout_loops_ring, nicolae_wu_jian_immortal_techniques, uniq_maggie,
          uniq_pikel
D:8:      layout_loops_ring, lair_entry_dummy, minmay_holes, kennysheep_donut,
          hangedman_abyss_or_decor_stabs
D:9:      layout_irregular_city, uniq_harold
D:10:     minmay_tri_box, layout_rooms, uniq_nergalle
Temple:   compressed_dpeg_triangle_lava_temple
Lair:1:   beast_lair_carwin_large_3, layout_misc_corridors
Lair:2:   layout_regular_city, minmay_snake_entry_six_corridors,
          gammafunk_ghost_wrathful_warriors

Skill      XL: |  1  2  3  4  5  6  7  8  9 10 |
---------------+-------------------------------+-----
Conjurations   | 1 2 3 4 6 9 8 |  9.2
Fire Magic     | 3 4 5 6 9 |  9.6
Spellcasting   | 3 4 5 6 9 8 |  9.4
Dodging        | 7 5 |  7.8
Stealth        | |  2.6

Action                     |  1- 3 |  4- 6 |  7- 9 | 10-12 || total
---------------------------+-------+-------+-------+-------++-------
  Melee: Unarmed           |       |     2 |     3 |       ||     5
         Bite              |       |       |     1 |       ||     1
   Cast: Foxfire           |   130 |   153 |   257 |   204 ||   744
         Scorch            |       |    17 |    92 |    58 ||   167
         Volatile Blastmot |       |       |    31 |    19 ||    50
         Flame Wave        |       |       |       |     4 ||     4
         Cigotuvi's Dreadf |       |       |       |     2 ||     2
    Use: Scroll            |     5 |     2 |     5 |     5 ||    17
         Potion            |       |     5 |     6 |     9 ||    20
 Armour: Skin              |     2 |     3 |     2 |     3 ||    10
  Dodge: Dodged            |    11 |    25 |    78 |    57 ||   171
